 Dungeon Crawl Stone Soup version 0.30-a0-883-g5ad918d77d (webtiles) character file.

Game seed: 14870676438355442332

350 Lobster4 the Firebug (level 6, 0/75 HPs)
             Began as a Hill Orc Fire Elementalist on Mar 18, 2023.
             Slain by a wight
             ... wielding a +1 battleaxe
              (9 damage)
             ... on level 4 of the Dungeon.
             The game lasted 00:10:07 (3847 turns).

Lobster4 the Firebug (Hill Orc Fire Elementalist)   Turns: 3847, Time: 00:10:07

Health: 0/75       AC: 23    Str: 11    XL:     6   Next: 60%
Magic:  0/18       EV:  2    Int: 17    God:
Gold:   74         SH:  0    Dex: 11    Spells: 6/9 levels left

rFire   + . .      SeeInvis .    s - staff of cold
rCold   . . .      Faith    .    (no shield)
rNeg    . . .      Spirit   .    a - melded +0 robe
rPois   +          Reflect  .    (helmet currently unavailable)
rElec   .          Rampage  .    t - melded +1 cloak
rCorr   .          NoTele   +    (gloves currently unavailable)
Will    .....                    (boots currently unavailable)
Stlth   ++                       y - amulet of the acrobat
HPRegen 0.32/turn                f - ring of magical power
MPRegen 0.16/turn                v - ring of fire

@: tree-form
A: stationary, stasis, torment immunity, boosted hp
a: Convert to Beogh


You were on level 4 of the Dungeon.
You were a tree.
You visited 1 branch of the dungeon, and saw 4 of its levels.

You collected 74 gold pieces.

Inventory:

Hand Weapons
 d - a +0 dagger
 e - a +1 short sword of protection
 q - a +0 shortbow
 r - a +0 sling
Armour
 a - a +0 robe (melded)
 g - a +0 leather armour
 t - a +1 cloak (melded)
Magical Staves
 s - a staff of cold (weapon)
Jewellery
 f - a ring of magical power (left branch)
 u - a ring of ice
 v - a ring of fire (right branch)
 y - an amulet of the acrobat (around neck)
Scrolls
 i - a scroll of enchant armour
 j - 4 scrolls of immolation
Potions
 b - a potion of magic
 h - 2 potions of resistance {unknown}
 l - 2 potions of might {unknown}
 m - a potion of brilliance {unknown}
 n - a potion of curing {unknown}
 o - a potion of attraction {unknown}
 p - 2 potions of mutation


   Skills:
 + Level 2.7 Fighting
 - Level 1.0 Short Blades
 + Level 1.1 Staves
 + Level 2.2 Armour
 + Level 2.4 Dodging
 - Level 1.5 Stealth
 + Level 2.3 Spellcasting
 + Level 2.5 Conjurations
 + Level 4.1 Fire Magic
 + Level 1.2 Evocations


You had 6 spell levels left.
You knew the following spells:

 Your Spells              Type           Power      Damage    Failure   Level
a - Foxfire               Conj/Fire      80%        2x1d8     4%          1
b - Scorch                Fire           48%        2d7       5%          2

Your spell library contained the following spells:

 Spells                   Type           Power      Damage    Failure   Level
 Apportation              Tloc           2%         N/A       19%         1
 Necrotise                Necr           4%         1d4       19%         1
 Summon Small Mammal      Summ           4%         N/A       19%         1
 Inner Flame              Hex/Fire       13%        N/A       24%         3
 Kindle Blastsparks       Fire/Tloc/Air  20%        2d11      32%         3
 Flame Wave               Conj/Fire      20%        2d7       43%         4


Dungeon Overview and Level Annotations

Branches:
Dungeon (4/15)
 Temple: D:4-7

Altars:
Cheibriados
Hepliaklqana
Okawaru
Ru
Zin

Annotations:
D:3 3 runed translucent doors, Nabski's ghost, amateur TeFE
D:4 Menkaure


Message History

* * * LOW HITPOINT WARNING * * *
The wight hits you with a +2 scimitar.
* * * LOW HITPOINT WARNING * * *
The orc priest threatens, "By the altar or by the axe, you will meet Beogh!"
Unknown command.
Casting: Foxfire (safe; 4% risk of failure)
Confirm with . or Enter, or press ? or * to list all spells.
You feel a surge of power!
You conjure some foxfire!
The orc priest shouts, "Surrender to Beogh and we'll let you live!" x2
The wight is no longer more vulnerable to fire.
The foxfire hits the wight but does no damage.
The wight is moderately damaged.
The foxfire hits the wight but does no damage.
The wight is moderately damaged.
The wight hits you with a +2 scimitar.
* * * LOW HITPOINT WARNING * * *
The foxfire hits the wight.
You destroy the wight!
The orc priest hits you but does no damage.
The orc priest shouts, "Join the one true god or die!"
Your life force feels restored.
Unknown command.
Casting: Foxfire (safe; 4% risk of failure)
Confirm with . or Enter, or press ? or * to list all spells.
You feel a surge of power!
You conjure some foxfire!
The orc priest hits you but does no damage.
The wight hits you but does no damage.
Unknown command.
Casting: Foxfire (safe; 4% risk of failure)
Confirm with . or Enter, or press ? or * to list all spells.
You feel a surge of power!
You conjure some foxfire!
The foxfire hits the orc priest.
The orc priest is heavily wounded.
The orc priest shouts, "Join the one true god or die!"
The foxfire hits the orc priest.
The orc priest is severely wounded.
The foxfire hits the orc priest.
The orc priest is almost dead.
The wight hits you with a +1 battleaxe!
You die...

######################
.#..#.##........##...##
......................#
......>......#........#
.†..†........#.§§v....#
.............#.)♣v)..>#
.............#.ozz....#
.............#........#
.####...##..##.##....##
*
.#*#....##...#.##....##
**
...............#......#
*,
...P####.......#......#
*,
,*.P*,,#..####.#......#
*,
,*,,*,,#..*,,#........#
*,


You could see 2 wights and an orc priest (ally target).

Vanquished Creatures
  A black bear (D:4)
  A wight (D:4)
  An orc priest (D:4)
  Terence (D:2)
  4 adders
  5 worms
  4 dart slugs
  10 orcs
  8 ball pythons
  2 bats
  8 endoplasms
  6 giant cockroaches
  5 goblins
  7 hobgoblins
  6 kobolds
  3 quokkas
  3 frilled lizards
  5 rats
80 creatures vanquished.

Vanquished Creatures (others)
  315 foxfires
315 creatures vanquished.

Grand Total: 395 creatures vanquished

Notes
Turn   | Place    | Note
-------+----------+-------------------------------------------
     0 | D:1      | Lobster4 the Hill Orc Fire Elementalist began the quest for
                  | the Orb.
     0 | D:1      | Reached XP level 1. HP: 14/14 MP: 3/3
   300 | D:1      | Reached XP level 2. HP: 14/22 MP: 1/4
   572 | D:1      | Learned a level 2 spell: Scorch
   690 | D:1      | Reached skill level 1 in Fighting
   944 | D:1      | Reached XP level 3. HP: 28/28 MP: 5/5
  1427 | D:2      | Reached skill level 1 in Armour
  1701 | D:2      | Found an iron altar of Okawaru.
  1865 | D:2      | Reached XP level 4. HP: 35/35 MP: 6/6
  2013 | D:2      | Noticed Terence
  2212 | D:2      | Killed Terence
  2712 | D:3      | Found a runed translucent gate.
  2712 | D:3      | Found a runed translucent gate.
  2712 | D:3      | Found a runed translucent gate.
  2712 | D:3      | Noticed Nabski's ghost (amateur TeFE)
  2721 | D:3      | Reached XP level 5. HP: 41/41 MP: 8/8
  2795 | D:3      | Reached skill level 1 in Short Blades
  3443 | D:3      | Found a glowing silver altar of Zin.
  3466 | D:3      | Found a snail-covered altar of Cheibriados.
  3467 | D:3      | Found a sacrificial altar of Ru.
  3651 | D:4      | Found a hazy altar of Hepliaklqana.
  3693 | D:4      | Noticed Menkaure
  3801 | D:4      | Noticed a black bear
  3810 | D:4      | Killed a black bear
  3811 | D:4      | Reached skill level 1 in Staves
  3811 | D:4      | Reached skill level 4 in Fire Magic
  3811 | D:4      | Reached skill level 1 in Evocations
  3811 | D:4      | Reached XP level 6. HP: 50/50 MP: 7/9
  3847 | D:4      | Slain by a wight

Illustrated notes

Levels and vault maps discovered:
D:1:      dpeg_arrival_oval, layout_loops_corners
D:2:      layout_rooms, basic_altar, minmay_diced_spiral, uniq_terence
D:3:      layout_loops_ring, zin_academy, gammafunk_temple_overflow_pools,
          gammafunk_ghost_split, feat_on_display
D:4:      corexii_shack_village, layout_gridville, mainiacjoe_overflow_paths,
          trog_ov_bears_minmay, portal_sewer_entry_d,
          chequers_serial_rivers_room_b, uniq_menkaure, uniq_duvessa

Skill      XL: |  1  2  3  4  5 |
---------------+----------------+-----
Fighting       | 1 2 |  2.7
Armour         | 1 2 |  2.2
Dodging        | 2 |  2.4
Conjurations   | 2 |  2.5
Spellcasting   | 2 |  2.3
Short Blades   | 1 |  1.0
Staves         | 1 |  1.1
Fire Magic     | 4 |  4.1
Evocations     | 1 |  1.2
Stealth        | |  1.5

Action                     |  1- 3 |  4- 6 || total
---------------------------+-------+-------++-------
  Melee: Staff             |       |     3 ||     3
   Cast: Foxfire           |    82 |   115 ||   197
         Scorch            |       |    23 ||    23
    Use: Scroll            |       |     9 ||     9
         Potion            |       |     1 ||     1
 Armour: Robe              |     2 |       ||     2
         Skin              |       |     6 ||     6
  Dodge: Dodged            |    12 |    29 ||    41

Table legend: (Time is in decaauts)
 A = Elapsed time spent in this place.
 B = Non-inter-level travel time spent in this place.
 C = Inter-level travel time spent in this place.
 D = Time resting spent in this place.
 E = Time spent auto-exploring this place.
 F = Levels seen in this place.
 G = Mean time per level.
                   A        B        C        D        E       F      G
               +--------+--------+--------+--------+--------+-----+--------+
         Total |   3845 |   3616 |    229 |    168 |   2722 |   4 |  961.2 |
       Dungeon |   3845 |   3616 |    229 |    168 |   2722 |   4 |  961.2 |
               +--------+--------+--------+--------+--------+-----+--------+

Top non-repeatable levels by time:
     D:1: 1509 daAuts
     D:3: 1110 daAuts
     D:2: 1046 daAuts
     D:4: 179 daAuts
